 Dungeon Crawl Stone Soup version 0.24-a0-613-g1ff6aac338 (webtiles) character file.

Game seed: 13470912204542678024, levelgen mode: deterministic

125193 Gebura the Eclecticist (level 16, -5/76 HPs)
             Began as a Deep Elf Fire Elementalist on Sept 9, 2019.
             Was a High Priest of Vehumet.
             Slain by a black mamba (18 damage)
             ... on level 3 of the Snake Pit on Sept 10, 2019.
             The game lasted 06:54:03 (42168 turns).

Gebura the Eclecticist (DEFE)                      Turns: 42168, Time: 06:54:04

Health: -5/76      AC: 14    Str:  8    XL:     16   Next: 41%
Magic:  52/60      EV: 20    Int: 32    God:    Vehumet [*****.]
Gold:   1570       SH:  0    Dex: 18    Spells: 9/55 levels left

rFire    + + .     SeeInvis +   S - +3 Elemental Staff {rElec rF++ rC++ MR++ AC+5}
rCold    + + +     Gourm    .   (no shield)
rNeg     . . .     Faith    .   i - +2 robe {MR+}
rPois    +         Spirit   .   D - +2 hat {SInv}
rElec    +         Reflect  .   s - +0 cloak {rPois}
rCorr    .         Harm     .   j - +1 pair of gloves of the Cast Vote {Int+4}
MR       ++++.                  (no boots)
Stlth    ++........             G - amulet of the acrobat
HPRegen  0.22/turn              d - ring of magical power
MPRegen  0.37/turn              W - ring of Leipnyho {rC+ MP+9 Str+3 Dex+3}

@: no status effects
A: no striking features
a: Renounce Religion


You were on level 3 of the Snake Pit.
You worshipped Vehumet.
Vehumet was extremely pleased with you.
You were not hungry.

You visited 4 branches of the dungeon, and saw 26 of its levels.
You also visited: Ice Cave.

You collected 2881 gold pieces.
You spent 1311 gold pieces at shops.

Inventory:

Hand Weapons
 E - the +5 rapier of Noduumini {elec, rPois rC+ Int+3 Stlth-}
   (You took it off an orc on level 8 of the Dungeon)

   Occasionally, upon striking a foe, it will discharge some electrical energy
   and cause terrible harm.
   It affects your intelligence (+3).
   It protects you from cold.
   It protects you from poison.
   It makes you less stealthy.
 S - the +3 Elemental Staff (weapon) {rElec rF++ rC++ MR++ AC+5}
   (You took it off a kobold demonologist on level 11 of the Dungeon)

   It affects your AC (+5).
   It greatly protects you from fire.
   It greatly protects you from cold.
   It insulates you from electricity.
   It affects your resistance to hostile enchantments.
Missiles
 b - 575 arrows
 f - 172 poisoned darts (quivered)
 X - 9 curare-tipped darts
Armour
 i - a +2 robe of magic resistance (worn)
 j - the +1 pair of gloves of the Cast Vote (worn) {Int+4}
   (You bought it in a shop on level 2 of the Orcish Mines)

   It affects your intelligence (+4).
 n - a +0 shield of reflection
 s - a +0 cloak of poison resistance (worn)
 D - a +2 hat of see invisible (worn)
 O - the +0 pair of gloves of Hevuj {rPois}
   (You found it on level 1 of the Lair of Beasts)

   It protects you from poison.
 U - a scarf of resistance
Magical Staves
 a - an uncursed staff of wizardry
 C - an uncursed staff of cold
 V - an uncursed staff of fire
Jewellery
 d - a ring of magical power (left hand)
 q - an uncursed ring of protection from magic
 t - an uncursed ring of resist corrosion
 v - an uncursed ring of protection from magic
 x - an uncursed amulet of regeneration
 G - an amulet of the acrobat (around neck)
 J - an uncursed ring of protection from fire
 W - the ring of Leipnyho (right hand) {rC+ MP+9 Str+3 Dex+3}
   (You found it on level 6 of the Lair of Beasts)

   [ring of magical power]

   It affects your strength (+3).
   It affects your dexterity (+3).
   It protects you from cold.
   It affects your magic capacity (+9).
 Y - the ring of the Open Hand {+Fly rElec rC- Str+6}
   (You took it off an efreet on level 11 of the Dungeon)

   [ring of flight]

   It affects your strength (+6).
   It makes you vulnerable to cold.
   It insulates you from electricity.
   It lets you fly.
Wands
 y - a wand of iceblast (14)
 N - a wand of polymorph (17)
 P - a wand of paralysis (24)
 R - a wand of disintegration (15)
 T - a wand of digging (6)
 Z - a wand of acid (9)
Scrolls
 e - 2 scrolls of magic mapping
 k - a scroll of noise
 m - 8 scrolls of remove curse
 p - 3 scrolls of teleportation
 u - 2 scrolls of blinking
 z - 3 scrolls of enchant armour
 I - 3 scrolls of fog
 L - a scroll of amnesia
Potions
 g - 14 potions of curing
 h - 4 potions of brilliance
 l - 2 potions of heal wounds
 o - 2 potions of cancellation {unknown}
 r - 5 potions of lignification
 w - 3 potions of resistance
 A - 3 potions of flight
 B - 2 potions of ambrosia {unknown}
 F - 2 potions of might
 K - 2 potions of agility {unknown}
 M - a potion of berserk rage {unknown}
 Q - 4 potions of mutation
Comestibles
 c - 34 rations


   Skills:
 - Level 10.4 Dodging
 - Level 2.4 Stealth
 - Level 20.0 Spellcasting
 + Level 13.1 Conjurations
   Level 2.4 Hexes
 - Level 11.1 Summonings
 + Level 15.2 Fire Magic
 - Level 9.9 Air Magic
 - Level 4.6 Evocations


You had 9 spell levels left.
You knew the following spells:

 Your Spells              Type           Power        Failure   Level  Hunger
a - Flame Tongue          Conj/Fire      #####        0%          1    None
b - Sticky Flame          Conj/Fire      #######.     1%          4    None
c - Fireball              Conj/Fire      #######...   1%          5    None
d - Conjure Flame         Conj/Fire      #######.     0%          3    None
e - Summon Lightning Spi  Summ/Air       #######.     1%          4    None
f - Airstrike             Air            #######...   1%          4    None
g - Iskenderun's Mystic   Conj           #######.     1%          4    None
h - Ignition              Fire           #######...   4%          8    #####..
i - Spellforged Servitor  Conj/Summ      #######...   1%          7    ##.....
j - Iron Shot             Conj/Erth      ######....   3%          6    None

Your spell library contained the following spells:

 Spells                   Type           Power        Failure   Level  Hunger
 Fire Storm               Conj/Fire      #######...   58%         9    ######.
 Lehudib's Crystal Spear  Conj/Erth      ######....   71%         8    #####..
 Glaciate                 Conj/Ice       ######....   100%        9    ######.
 Summon Small Mammal      Summ           ####         0%          1    None
 Searing Ray              Conj           ######       0%          2    None
 Throw Flame              Conj/Fire      ######       0%          2    None
 Corona                   Hex            #####..      1%          1    None
 Freeze                   Ice            ####         1%          1    None
 Sandblast                Erth           ####..       1%          1    None
 Sting                    Conj/Pois      ####         1%          1    None
 Call Imp                 Summ           #######.     1%          2    None
 Corpse Rot               Necr           N/A          1%          2    None
 Passwall                 Tmut/Erth      ####....     1%          2    None
 Poisonous Vapours        Pois/Air       ######       1%          2    None
 Slow                     Hex            #####...     1%          2    None
 Throw Frost              Conj/Ice       ######       1%          2    None
 Call Canine Familiar     Summ           #######.     1%          3    None
 Inner Flame              Hex/Fire       ######..     1%          3    None
 Mephitic Cloud           Conj/Pois/Air  ######..     1%          3    None
 Portal Projectile        Hex/Tloc       #####.       1%          3    None
 Static Discharge         Conj/Air       #######.     1%          3    None
 Stone Arrow              Conj/Erth      ######       1%          3    None
 Summon Guardian Golem    Hex/Summ       ######..     1%          3    None
 Summon Ice Beast         Ice/Summ       ######..     1%          4    None
 Throw Icicle             Conj/Ice       ######..     1%          4    None
 Lightning Bolt           Conj/Air       #######...   1%          5    None
 Venom Bolt               Conj/Pois      ######....   1%          5    None
 Ozocubu's Armour         Chrm/Ice       ####....     3%          3    None
 Cause Fear               Hex            #####.....   3%          4    None
 Olgreb's Toxic Radiance  Pois           ####....     3%          4    None
 Summon Forest            Summ/Tloc      ######....   3%          5    None
 Leda's Liquefaction      Hex/Erth       #####.....   6%          4    None
 Lee's Rapid Deconstruct  Erth           ####......   9%          5    None
 Summon Hydra             Summ           #######...   10%         7    ##.....
 Petrify                  Tmut/Erth      ####....     11%         4    None
 Hydra Form               Tmut           ####......   86%         6    None
 Tornado                  Air            #######...   98%         9    ######.
 Shatter                  Erth           ####......   100%        9    ######.


Dungeon Overview and Level Annotations

Branches:
Dungeon (15/15)            Temple (0/1) D:5            Lair (6/6) D:9
  Swamp (0/4) Lair:3        Snake (3/4) Lair:2        Slime (0/5) Lair:5
    Orc (2/2) D:12            Elf (0/3) Orc:2        Vaults (0/5) D:13
 Depths (0/5) D:15          IceCv (visited)

Altars:
Fedhas
Gozag
Makhleb
Sif Muna
Trog
Uskayaw
Vehumet
Xom
Beogh
Jiyva

Shops:
D:4 ?   D:12 [   Orc:2 }[:[

Annotations:
D:2 exclusions: downstairs and 1 more exclusion
D:3 exclusion: downstairs
D:5 exclusion: downstairs
D:6 exclusion: downstairs
D:8 exclusion: downstairs
D:9 exclusion: downstairs
D:11 exclusion: downstairs
D:12 exclusion: 3 downstairs
Lair:5 1 runed translucent door, exclusion: downstairs
Snake:1 exclusion: 2 downstairs
Snake:2 exclusion: 2 downstairs
Orc:1 exclusion: downstairs


Message History

The anaconda constricts you. The black mamba misses you.
The black mamba bites you! The black mamba barely misses you.
The anaconda misses you. The anaconda constricts you.
The black mamba barely misses you.
Casting: Iron Shot (safe; 3% risk of failure)
Confirm with . or Enter, or press ? or * to list all spells.
Aiming: Iron Shot (safe; 3% risk of failure)
Press: ? - help, Shift-Dir - straight line, f/p - anaconda
Aim: an anaconda (severely wounded, constricting you)
The iron shot hits the anaconda!!!
You kill the anaconda!
Vehumet accepts your kill.
You feel your power returning. The black mamba bites you.
The black mamba bites you! The black mamba closely misses you.
The black mamba completely misses you. The black mamba bites you.
* * * LOW HITPOINT WARNING * * *
The black mamba bites you!
* * * LOW HITPOINT WARNING * * *
The black mamba bites you!!
You die...

#. . ### .## #.
#... #.. #..
#.. . .
#.#####N[ N..
..##.....$# ...
(.....S†S## .
.>....S@S.#
.#.............
..##...........
#..#######..
[... . # #)..#
. .[#.# . .[##
. .


You could see 4 black mambas and a naga mage.

Vanquished Creatures
  Gastronok (D:9)
  2 nagarajas (Snake:2)
  A tengu reaver (D:11)
  Nessos (Orc:2)
  Josephine (D:15)
  An ettin (D:11)
  An ogre mage (Orc:2)
  6 naga warriors
  3 hydras
  4 anacondas
  5 two-headed ogres
  A centaur warrior (D:12)
  3 tengu warriors
  6 orc high priests (Orc:2)
  4 naga sharpshooters
  Urug (Orc:1)
  A shock serpent (Snake:1)
  Sonja (Lair:4)
  A salamander mystic (Snake:2)
  3 unseen horrors
  5 skeletal warriors
  2 naga ritualists
  A flayed ghost (D:11)
  A wizard (D:14)
  The ghost of mishael the Chopper, a novice DrFi of Trog (D:7)
  2 mana vipers (Snake:1)
  4 orc knights
  3 cyclopes
  An orc sorcerer (Orc:1)
  3 deep elf magi
  8 ugly things
  3 manticores
  3 salamanders
  3 guardian serpents (Snake:2)
  A black mamba (shapeshifter) (D:11)
  16 black mambas
  3 gargoyles
  3 spiny frogs
  2 komodo dragons
  3 naga magi
  An orange demon (D:15)
  A spiny frog (shapeshifter) (D:13)
  3 rime drakes (Lair:5)
  A tengu conjurer (D:13)
  3 yaktaurs
  3 kobold demonologists
  A freezing wraith (D:13)
  2 efreet
  A red devil (D:15)
  3 meliai (D:13)
  A queen bee (Lair:3)
  8 trolls
  A polar bear (Lair:6)
  A blink frog (shapeshifter) (D:15)
  7 hornets
  7 blink frogs
  A slime creature (D:11)
  8 hippogriffs
  18 yaks
  2 vampires
  13 spriggans (Lair:6)
  2 wraiths (D:15)
  2 wyverns
  5 humans (D:7)
  A basilisk (Lair:5)
  3 vampire mosquitoes
  2 steam dragons
  7 wargs
  18 nagas
  4 porcupines
  10 water moccasins
  Duvessa (D:7)
  5 black bears
  2 eyes of draining
  A necrophage (D:12)
  22 orc warriors
  A phantom (D:9)
  A hornet zombie (D:11)
  4 sky beasts
  7 ice beasts
  7 centaurs
  8 ogres
  5 boggarts
  5 crocodiles
  17 wolves
  2 big kobolds
  6 bullfrogs
  A wyvern zombie (D:12)
  Dowan (D:7)
  4 wyvern skeletons
  2 scorpions
  27 killer bees
  7 wights
  4 howler monkeys
  An electric eel (Lair:3)
  4 crimson imps
  2 centaur zombies
  11 hounds
  2 jellies
  26 orc priests
  A gnoll shaman (D:7)
  2 iguanas
  A centaur skeleton (D:11)
  Ijyb (D:3)
  Terence (D:3)
  24 orc wizards
  6 worker ants
  A hound zombie (D:8)
  2 hound skeletons
  Robin (D:2)
  A howler monkey skeleton (D:6)
  5 gnolls (D:7)
  16 adders
  A shadow imp (D:8)
  An ooze (D:3)
  3 adder skeletons
  2 worms (D:4)
  3 dart slugs
  8 leopard geckos
  81 orcs
  4 giant cockroaches
  16 goblins
  13 hobgoblins
  18 kobolds
  4 quokkas
  2 ball pythons (D:3)
  A ball python skeleton (D:5)
  6 bats
  4 frilled lizards
  A jackal skeleton (D:4)
  2 leopard gecko skeletons (D:4)
  3 rats
  A plant (Lair:6)
677 creatures vanquished.

Vanquished Creatures (collateral kills)
  Frances (D:12)
  Kirke (D:15)
  A fire giant (D:15)
  An orc warlord (Orc:1)
  5 naga warriors
  2 hydras
  5 two-headed ogres
  An anaconda (Snake:3)
  4 centaur warriors
  2 tengu warriors
  An ogre mage (D:13)
  2 orc high priests
  A deep elf knight (D:13)
  5 skeletal warriors
  A naga ritualist (Snake:1)
  A flayed ghost (D:11)
  An unseen horror (D:11)
  3 ugly things
  A manticore (D:12)
  A moth of wrath (shapeshifter) (D:12)
  An orc sorcerer (Orc:2)
  5 salamanders
  2 cyclopes
  A centaur zombie (D:15)
  4 guardian serpents
  4 naga magi
  8 black mambas
  3 spiny frogs
  4 orange demons (D:15)
  3 centaur skeletons
  A yaktaur (D:13)
  A rime drake (Lair:5)
  3 komodo dragons
  5 trolls
  2 tengu conjurers
  A red devil (D:15)
  A hornet (Lair:6)
  8 blink frogs
  A hippogriff (shapeshifter) (D:12)
  2 hippogriffs
  3 spriggans
  10 yaks
  A wyvern (D:13)
  A human (D:7)
  3 wraiths (D:15)
  A hog (D:15)
  A hungry ghost (D:13)
  4 wargs
  15 nagas
  3 porcupines
  3 water moccasins
  13 orc warriors
  2 black bears (Lair:6)
  An ice beast (IceCv)
  A phantom (D:7)
  2 sky beasts
  12 wolves
  9 ogres
  8 centaurs (D:15)
  2 crocodiles
  A big kobold (D:14)
  4 bullfrogs
  A wyvern zombie (D:11)
  A wyvern skeleton (D:13)
  A scorpion (Lair:3)
  5 killer bees (Lair:3)
  2 wights
  3 crimson imps
  2 bullfrog zombies
  3 bullfrog skeletons
  A jelly (D:14)
  3 hounds
  14 orc priests
  8 orc wizards
  An iguana (D:12)
  2 worker ants
  2 shadow imps (D:14)
  61 orcs
  A goblin (Orc:2)
  2 hobgoblins (Orc:1)
  A quokka (D:12)
  A jackal skeleton (D:7)
  2 kobolds (D:11)
317 creatures vanquished.

Vanquished Creatures (others)
  A cyclops (D:15)
  4 humans (D:15)
  A bullfrog (D:15)
  A shadow imp (D:15)
  A fire vortex (D:15)
  2 fulminant prisms
  4 fungi
  4 plants
18 creatures vanquished.

Grand Total: 1012 creatures vanquished

Notes
Turn   | Place    | Note
-------+----------+-------------------------------------------
     0 | D:1      | Gebura the Deep Elf Fire Elementalist began the quest for
                  | the Orb.
     0 | D:1      | Reached XP level 1. HP: 10/10 MP: 6/6
   533 | D:1      | Reached XP level 2. HP: 15/15 MP: 8/8
  1071 | D:1      | Reached XP level 3. HP: 5/19 MP: 10/10
  1872 | D:2      | Noticed Robin
  1909 | D:3      | Noticed Terence
  2159 | D:2      | Found a burning altar of Makhleb.
  2167 | D:2      | Reached XP level 4. HP: 11/24 MP: 11/11
  2168 | D:2      | Reached skill level 4 in Spellcasting
  2464 | D:2      | Learned a level 4 spell: Sticky Flame
  2763 | D:2      | Killed Robin
  3208 | D:3      | Noticed Ijyb
  3303 | D:3      | Killed Ijyb
  3514 | D:3      | Found a shimmering altar of Xom.
  3518 | D:3      | Found an opulent altar of Gozag.
  3521 | D:3      | Found a radiant altar of Vehumet.
  3558 | D:3      | Reached XP level 5. HP: 28/28 MP: 13/13
  3580 | D:3      | Found a blossoming altar of Fedhas.
  3584 | D:3      | Found a hide-covered altar of Uskayaw.
  3612 | D:4      | Noticed an ogre
  3891 | D:3      | Killed Terence
  4109 | D:4      | Noticed an ogre
  4117 | D:4      | Killed an ogre
  4117 | D:4      | Reached skill level 5 in Spellcasting
  4117 | D:4      | Reached XP level 6. HP: 32/32 MP: 15/15
  4320 | D:4      | Found Faes's Magic Scroll Shoppe.
  4520 | D:4      | Reached skill level 5 in Fire Magic
  5248 | D:5      | Entered Level 5 of the Dungeon
  5379 | D:3      | Became a worshipper of Vehumet
  5514 | D:5      | Noticed an ice beast
  5534 | D:5      | Reached skill level 5 in Dodging
  5534 | D:5      | Reached XP level 7. HP: 36/36 MP: 16/17
  5665 | D:5      | Learned a level 5 spell: Fireball
  5771 | D:5      | Found a staircase to the Ecumenical Temple.
  5824 | D:5      | Reached skill level 6 in Spellcasting
  6768 | D:6      | Learned a level 3 spell: Conjure Flame
  7053 | D:6      | Found an opulent altar of Gozag.
  7154 | D:6      | Reached skill level 5 in Conjurations
  7192 | D:6      | Reached XP level 8. HP: 32/41 MP: 20/20
  7745 | D:7      | Found a runed translucent gate.
  7745 | D:7      | Found an opulent altar of Gozag.
  7745 | D:7      | Found a runed translucent gate.
  7745 | D:7      | Found a runed translucent gate.
  7746 | D:7      | Noticed a green ugly thing
  7747 | D:7      | Noticed a two-headed ogre
  7747 | D:7      | Noticed mishael's ghost (novice DrFi)
  7747 | D:7      | Noticed a tengu warrior
  7776 | D:7      | Killed a two-headed ogre
  7776 | D:7      | Reached skill level 7 in Spellcasting
  7895 | D:7      | Reached skill level 8 in Spellcasting
  7937 | D:6      | Killed a tengu warrior
  7937 | D:6      | Reached XP level 9. HP: 32/45 MP: 0/23
  8341 | D:8      | Reached * piety under Vehumet
  8341 | D:8      | Offered knowledge of Freeze by Vehumet.
  8443 | D:8      | Reached skill level 9 in Spellcasting
  8704 | D:8      | Identified the +5 rapier of Noduumini {elec, rPois rC+
                  | Int+3 Stlth-}
  8753 | D:8      | Noticed a two-headed ogre
  8759 | D:8      | Killed a two-headed ogre
  8945 | D:8      | Reached XP level 10. HP: 50/50 MP: 25/25
  9092 | D:8      | Reached skill level 10 in Spellcasting
  9184 | D:9      | Noticed Gastronok
  9196 | D:9      | Killed Gastronok
  9454 | D:9      | Noticed a cyclops
 10024 | D:9      | Reached skill level 10 in Dodging
 10249 | D:9      | Killed a cyclops
 10249 | D:9      | Reached skill level 11 in Spellcasting
 10359 | D:10     | Entered Level 10 of the Dungeon
 10630 | D:10     | Reached ** piety under Vehumet
 10630 | D:10     | Offered knowledge of Shock by Vehumet.
 11055 | D:9      | Learned a level 4 spell: Summon Lightning Spire
 11086 | D:9      | Found a staircase to the Lair.
 11097 | Lair:1   | Entered Level 1 of the Lair of Beasts
 11101 | Lair:1   | Reached XP level 11. HP: 54/54 MP: 19/28
 11104 | Lair:1   | Reached skill level 1 in Air Magic
 11105 | Lair:1   | Reached skill level 10 in Fire Magic
 11135 | D:9      | Offered knowledge of Throw Frost by Vehumet.
 11441 | Lair:1   | Reached skill level 1 in Summonings
 12024 | Lair:3   | Reached *** piety under Vehumet
 12157 | Lair:3   | Found a staircase to the Swamp.
 12273 | Lair:4   | Noticed a six-headed hydra
 12277 | Lair:4   | Killed a six-headed hydra
 12651 | Lair:3   | Reached skill level 10 in Conjurations
 12685 | Lair:3   | Reached skill level 12 in Spellcasting
 13024 | Lair:1   | Offered knowledge of Airstrike by Vehumet.
 13032 | Lair:1   | Reached skill level 5 in Air Magic
 13126 | Lair:1   | Learned a level 4 spell: Airstrike
 13146 | Lair:1   | Got a pair of fine gloves
 13152 | Lair:1   | Identified the +0 pair of gloves of Hevuj {rPois} (You
                  | found it on level 1 of the Lair of Beasts)
 14105 | Lair:2   | Found a staircase to the Snake Pit.
 14903 | Lair:4   | Reached **** piety under Vehumet
 14905 | Lair:4   | Reached XP level 12. HP: 59/59 MP: 28/30
 14910 | Lair:4   | Offered knowledge of Irradiate by Vehumet.
 14999 | Lair:4   | Reached skill level 13 in Spellcasting
 15117 | Lair:5   | Got an ancient dagger
 15122 | Lair:5   | Identified the +8 dagger "Joustog" {distort, Dex+2} (You
                  | found it on level 5 of the Lair of Beasts)
 15249 | Lair:5   | Found a frozen archway.
 15259 | IceCv    | Entered an ice cave
 15303 | IceCv    | Found a transporter.
 15762 | Lair:5   | Found a runed translucent door.
 15763 | Lair:5   | Found a viscous altar of Jiyva.
 15765 | Lair:5   | Found a staircase to the Slime Pits.
 15765 | Lair:5   | Noticed an acid blob
 15836 | Lair:6   | Entered Level 6 of the Lair of Beasts
 15989 | Lair:5   | You fall into a shaft and drop 1 floor!
 16304 | Lair:6   | Found an opulent altar of Gozag.
 16785 | Lair:5   | Reached ***** piety under Vehumet
 16786 | Lair:5   | Reached skill level 14 in Spellcasting
 16798 | Lair:5   | Offered knowledge of Iskenderun's Mystic Blast by Vehumet.
 18525 | Lair:6   | Got a twitching wooden ring
 18528 | Lair:6   | Identified the ring of Leipnyho {rC+ MP+9 Str+3 Dex+3} (You
                  | found it on level 6 of the Lair of Beasts)
 18568 | Lair:6   | Reached XP level 13. HP: 60/63 MP: 33/33
 19368 | Lair:4   | Noticed Sonja
 19372 | Lair:4   | Killed Sonja
 20592 | D:7      | Learned a level 4 spell: Iskenderun's Mystic Blast
 20795 | D:7      | Killed mishael's ghost
 21392 | D:7      | Noticed Duvessa
 21394 | D:7      | Killed Duvessa
 21394 | D:7      | Reached skill level 15 in Spellcasting
 21396 | D:7      | Noticed Dowan
 21399 | D:7      | Killed Dowan
 21860 | D:4      | Bought a scroll of teleportation for 33 gold pieces
 22367 | D:10     | Offered knowledge of Fulminant Prism by Vehumet.
 22951 | D:11     | Reached skill level 1 in Evocations
 23150 | D:11     | Identified the ring of the Open Hand {+Fly rElec rC- Str+6}
 23299 | D:11     | Noticed a tengu reaver
 23304 | D:11     | Killed a tengu reaver
 23651 | D:11     | Noticed an ettin
 23655 | D:11     | Killed an ettin
 23771 | D:11     | Learned a level 4 spell: Fulminant Prism
 24242 | D:11     | Reached skill level 1 in Hexes
 24316 | D:11     | Identified Tint's Grimoire of Ensnaring Conjuration
 24563 | D:11     | Offered knowledge of Spellforged Servitor by Vehumet.
 24691 | D:11     | Learned a level 7 spell: Spellforged Servitor
 24817 | D:11     | Found a shimmering blue altar of Sif Muna.
 24841 | D:11     | Identified Sif Muna's Catalogue of Heat
 25566 | D:12     | Found Ephiyr's Armour Boutique.
 25708 | D:12     | Found a bloodstained altar of Trog.
 26085 | D:13     | Reached skill level 5 in Summonings
 26695 | D:12     | Noticed Frances
 26709 | D:12     | Killed Frances
 26709 | D:12     | Reached XP level 14. HP: 68/68 MP: 33/35
 27122 | D:12     | Offered knowledge of Bolt of Fire by Vehumet.
 27800 | D:12     | Found a roughly hewn altar of Beogh.
 27800 | D:12     | Found a staircase to the Orcish Mines.
 28061 | D:13     | Reached skill level 16 in Spellcasting
 28264 | Orc:1    | Entered Level 1 of the Orcish Mines
 28554 | Orc:1    | Noticed an orc warlord
 28565 | Orc:1    | Killed an orc warlord
 28567 | Orc:1    | Offered knowledge of Conjure Ball Lightning by Vehumet.
 29078 | Orc:2    | Entered Level 2 of the Orcish Mines
 29078 | Orc:2    | Found a staircase to the Elven Halls.
 29078 | Orc:2    | Noticed Urug
 29193 | Orc:1    | Killed Urug
 29700 | Orc:2    | Noticed Nessos
 29703 | Orc:2    | Killed Nessos
 30008 | Orc:2    | Reached skill level 10 in Summonings
 30037 | Orc:2    | Offered knowledge of Iron Shot by Vehumet.
 30666 | Orc:2    | Reached skill level 17 in Spellcasting
 31130 | Orc:2    | Found Socs's Book Shop.
 31130 | Orc:2    | Found Votisch's Antique Armour Shoppe.
 31467 | Orc:2    | Found a roughly hewn altar of Beogh.
 31479 | Orc:2    | Found Vozoe's Gadget Shop.
 31479 | Orc:2    | Found Ynaxiodu's Armour Shoppe.
 31655 | Orc:2    | Bought the +1 pair of gloves of the Cast Vote {Int+4} for
                  | 298 gold pieces
 31707 | Orc:2    | Bought a book of the Tempests for 980 gold pieces
 31717 | Orc:2    | Learned a level 8 spell: Ignition
 31724 | Orc:2    | Learned a level 6 spell: Iron Shot
 32473 | D:13     | Reached XP level 15. HP: 57/72 MP: 38/38
 33110 | D:13     | Offered knowledge of Orb of Destruction by Vehumet.
 33457 | D:13     | Found a gate to the Vaults.
 34061 | D:14     | Reached skill level 18 in Spellcasting
 34827 | D:14     | Upgraded the game from 0.24-a0-592-g9a1d66b0e3 to
                  | 0.24-a0-613-g1ff6aac338
 34842 | D:15     | Entered Level 15 of the Dungeon
 35152 | D:15     | Found a staircase to the Depths.
 35152 | D:15     | Noticed a fire giant
 35170 | D:15     | Noticed Kirke
 35170 | D:15     | Killed a fire giant
 35172 | D:15     | Killed Kirke
 36769 | D:15     | Noticed Josephine
 36776 | D:15     | Killed Josephine
 37177 | Snake:1  | Entered Level 1 of the Snake Pit
 37226 | Snake:1  | Reached skill level 19 in Spellcasting
 37727 | Snake:1  | Reached ****** piety under Vehumet
 38496 | Snake:1  | Offered knowledge of Lehudib's Crystal Spear by Vehumet.
 38496 | Snake:1  | Offered knowledge of Fire Storm by Vehumet.
 38496 | Snake:1  | Offered knowledge of Glaciate by Vehumet.
 39111 | Snake:1  | Reached XP level 16. HP: 76/76 MP: 41/41
 40566 | Snake:2  | Reached skill level 20 in Spellcasting
 40690 | Snake:2  | Found Bogue's Distillery.
 41749 | Snake:3  | Reached skill level 15 in Fire Magic
 42168 | Snake:3  | Slain by a black mamba

Levels and vault maps discovered:
D:1:      evilmike_arrival_fibonacci_small, layout_basic,
          kennysheep_pointless_box, minivault_11
D:2:      layout_basic, makhleb_heckhound_becter, uniq_robin
D:3:      layout_basic, nicolae_overflow_hidden_temple, uniq_terence, uniq_ijyb
D:4:      minmay_angry_zag, layout_loops_ring, serial_shops, shop_scrolls
D:5:      layout_basic, minmay_temple_entry_statues_fountains, first_ration
D:6:      layout_cave_pods, basic_altar
D:7:      layout_gridville, ebering_ghost_gozag, grunt_ministairs_2,
          minmay_ruffians, uniq_duvessa
D:8:      layout_rooms
D:9:      layout_irregular_city, david_lair_shrubbed, uniq_gastronok
D:10:     layout_rooms, the_bakery
D:11:     minmay_complete_graph, layout_basic, abandoned_shop, led_sif_book
D:12:     minmay_blocking_statues, layout_basic, david_orc_5, basic_altar,
          serial_shops, shop, columned_hall_lemuel, uniq_frances
D:13:     layout_cross, hangedman_vaults_entry_quadrant_bands
D:14:     layout_long_grid, hangedman_decor_push, gauntlet_entry_generic
D:15:     grunt_enter_depths_giant_problem, layout_loops_ring,
          serial_bayou_pond_d, minmay_beelzebubs_servants, uniq_josephine,
          uniq_kirke
Lair:1:   layout_cave_pods, lemuel_fruit_fields
Lair:2:   layout_gridlike, minmay_snake_entry_guardpost_large, minivault_27
Lair:3:   layout_gridlike, swamp_mist, special_room [special_room_bee],
          grunt_megastairs_2, infiniplex_staircase_pool_2, serial_bayou_shore_a
Lair:4:   layout_loops_ring, uniq_sonja
Lair:5:   layout_concentric_octagons, slime_altar_2, portal_ice_cave_rime,
          chequers_serial_rivers_room_b, st_stairs_7
Lair:6:   minmay_lair_end_enchanted_forest, layout_long_grid, basic_altar,
          lemuel_fruit_tree
Snake:1:  layout_grid_maze
Snake:2:  layout_layer_cave, serial_shops, shop
Snake:3:  nicolae_snakescales, layout_onion_interference
Orc:1:    cheibrodos_orc_bank, layout_caves
Orc:2:    st_orc_town, layout_caves, mines5_lemuel, uniq_urug, uniq_nessos

Skill      XL: |  1  2  3  4  5  6  7  8  9 10 11 12 13 14 15 16 |
---------------+-------------------------------------------------+-----
Dodging        | 3 4 5 6 7 9 10 | 10.4
Conjurations   | 2 3 4 5 6 7 9 10 12 13 | 13.1
Spellcasting   | 4 5 6 8 9 11 12 14 15 17 19 20 | 20.0
Fire Magic     | 4 5 6 7 8 9 10 11 14 15 | 15.2
Air Magic      | 5 8 9 |  9.9
Summonings     | 3 5 11 | 11.1
Evocations     | 4 |  4.6
Hexes          | 2 |  2.4
Stealth        | |  2.4

Action                   |  1- 3 |  4- 6 |  7- 9 | 10-12 | 13-15 | 16-18 || total
-------------------------+-------+-------+-------+-------+-------+-------++-------
Melee: Unarmed           |     6 |     2 |       |       |       |       ||     8
       Dagger            |     9 |       |       |       |       |       ||     9
       Spear             |       |    31 |    33 |       |       |       ||    64
       Rapier            |       |       |       |    30 |       |       ||    30
       Staff             |       |       |       |       |    12 |       ||    12
Throw: Dart              |     6 |    10 |    15 |     4 |       |       ||    35
 Cast: Flame Tongue      |    51 |    85 |    74 |   233 |   245 |       ||   688
       Sticky Flame      |       |     8 |    16 |    36 |    15 |       ||    75
       Conjure Flame     |       |       |     1 |     1 |       |       ||     2
       Fireball          |       |       |    24 |   111 |   307 |    44 ||   486
       Summon Lightning  |       |       |       |    55 |   161 |     9 ||   225
       Airstrike         |       |       |       |    15 |   108 |       ||   123
       Iskenderun's Myst |       |       |       |       |     8 |       ||     8
       Fulminant Prism   |       |       |       |       |     2 |       ||     2
       Spellforged Servi |       |       |       |       |    84 |    17 ||   101
       Iron Shot         |       |       |       |       |    31 |    29 ||    60
       Ignition          |       |       |       |       |     2 |       ||     2
 Abil: Evoke Flight      |       |       |       |       |     1 |       ||     1
Evoke: Wand              |       |       |     1 |     5 |       |       ||     6
  Use: Scroll            |     1 |     1 |     5 |     9 |    17 |     4 ||    37
       Potion            |       |       |     1 |     1 |     6 |     1 ||     9
 Stab: Sleeping          |       |       |     4 |     1 |       |       ||     5
       Distracted        |       |       |       |     1 |       |       ||     1
  Eat: Chunk             |     3 |    11 |    11 |    20 |    22 |       ||    67
       Ration            |       |       |     2 |     5 |    16 |     3 ||    26
Armor: Robe              |     7 |     6 |    15 |     9 |    19 |     7 ||    63
Dodge: Dodged            |    28 |    66 |    63 |   125 |   174 |    36 ||   492

Table legend:
 A = Non-vault XP
 B = Vault XP
 C = Vault XP percentage of total XP
 D = Non-vault monster count
 E = Vault monster count
 F = Vault count percentage of total count
                 A         B        C        D         E       F
            +---------+---------+-------+---------+---------+-------
      Total |  118084 |   60764 |  34.0 |     675 |     319 |  32.1
            +---------+---------+-------+---------+---------+-------
        D:1 |      43 |       4 |   8.5 |      21 |       2 |   8.7
        D:2 |       7 |      79 |  91.9 |       5 |      12 |  70.6
        D:3 |      95 |      72 |  43.1 |      21 |       2 |   8.7
        D:4 |     369 |      15 |   3.9 |      19 |       2 |   9.5
        D:5 |     403 |       0 |   0.0 |      10 |       0 |   0.0
        D:6 |     480 |     882 |  64.8 |      12 |       1 |   7.7
        D:7 |     899 |    3082 |  77.4 |      29 |      12 |  29.3
        D:8 |    2298 |       0 |   0.0 |      27 |       0 |   0.0
        D:9 |    2096 |    2450 |  53.9 |      28 |       2 |   6.7
       D:10 |    1693 |     216 |  11.3 |      33 |       1 |   2.9
       D:11 |    3553 |   10008 |  73.8 |      32 |      34 |  51.5
       D:12 |    7197 |    6630 |  47.9 |      50 |      38 |  43.2
       D:13 |   10187 |    5408 |  34.7 |      41 |      16 |  28.1
       D:14 |    9574 |       0 |   0.0 |      29 |       0 |   0.0
       D:15 |    9259 |    6293 |  40.5 |      32 |      15 |  31.9
     Lair:1 |    3610 |       0 |   0.0 |      18 |       0 |   0.0
     Lair:2 |    1013 |     765 |  43.0 |       4 |       6 |  60.0
     Lair:3 |    2129 |    1675 |  44.0 |      13 |      26 |  66.7
     Lair:4 |    4413 |     577 |  11.6 |      18 |       1 |   5.3
     Lair:5 |    3805 |     972 |  20.3 |      25 |       3 |  10.7
     Lair:6 |    1134 |    7716 |  87.2 |       6 |      51 |  89.5
    Snake:1 |   17556 |       0 |   0.0 |      48 |       0 |   0.0
    Snake:2 |   17266 |     470 |   2.6 |      37 |       1 |   2.6
    Snake:3 |    6240 |     740 |  10.6 |      12 |       2 |  14.3
      Orc:1 |    6778 |    2367 |  25.9 |      70 |      23 |  24.7
      Orc:2 |    5987 |    8512 |  58.7 |      35 |      61 |  63.5
      IceCv |       0 |    1831 | 100.0 |       0 |       8 | 100.0
            +---------+---------+-------+---------+---------+-------
